AoeStats
← KK

Arabia

508670025Analyzed
1v1 RM · 10d ago on Sep 23, 2026· 34m 35s· 2 players
Game mode
Random Map
Map size
Tiny (2 player)
Population
200
Speed
Normal
Resources
Standard
Victory
Conquest
Starting age
Dark Age
Ending age
Imperial Age
RankedLock teamsTeams togetherTeam positionsShared explorationLock speedFull tech treeHidden civsTurbo modeCheats
Victory
Defeat
🇦🇷 Vietnamese · Argentina
1738
+14
🇨🇳 Varangians · China
1693
-14
KK
6:34 Loom
6:42 Loom
9:15 Feudal Age
11:01 Double-Bit Axe
12:12 Horse Collar
17:16 Wheelbarrow
20:19 Castle Age
18:32 Gold Mining
20:25 Bloodlines
20:07 Fletching
21:07 Bodkin Arrow
21:23 Bow Saw
21:15 Husbandry
23:11 Padded Archer Armor
23:15 Town Watch
24:20 Ballistics
27:00 Leather Archer Armor
juligrancella
6:02 Loom
9:20 Feudal Age
9:47 Horse Collar
9:53 Double-Bit Axe
19:44 Castle Age
18:10 Fletching
18:21 Gold Mining
18:50 Bloodlines
19:13 Town Watch
20:04 Wheelbarrow
20:41 Bow Saw
20:31 Bodkin Arrow
24:20 Ballistics
24:08 Husbandry
26:31 Padded Archer Armor
30:22 Leather Archer Armor
Connection lost

Rejoining the realm…

Still unreachable

The connection could not be restored.

Session expired

The server has moved on; the page needs a fresh start.